 Dungeon Crawl Stone Soup version 0.22-a0-479-gc6e99f3 (webtiles) character file.

28 Laiders72 the Ruffian (level 2, 0/24 HPs)
             Began as a Draconian Transmuter on June 14, 2018.
             Slain by an adder (2 damage)
             ... on level 1 of the Dungeon.
             The game lasted 00:01:58 (940 turns).

Laiders72 the Ruffian (Draconian Transmuter)         Turns: 940, Time: 00:01:59

Health: 0/24       AC:  4    Str: 12    XL:     2   Next: 96%
Magic:  0/5        EV: 12    Int: 11    God:
Gold:   37         SH:  0    Dex: 11    Spells: 2/5 levels left

rFire    . . .     SeeInvis .     - Unarmed
rCold    + . .     Gourm    .   (no shield)
rNeg     . . .     Faith    .   (armour unavailable)
rPois    .         Spirit   .   (helmet restricted)
rElec    .         Reflect  .   (no cloak)
rCorr    .         Harm     .   (no gloves)
MR       .....                  (no boots)
Stlth    +.........             (no amulet)
HPRegen  0.08/turn              (no ring)
MPRegen  0.09/turn              (no ring)

@: no status effects
A: unfitting armour, cold resistance 1, dopey 1, mutation resistance 1,
cold-blooded, AC +4
a: no special abilities


You were on level 1 of the Dungeon.
You were hungry.

You visited 1 branch of the dungeon, and saw 2 of its levels.

You collected 37 gold pieces.

Inventory:

Missiles
 a - 41 arrows
Scrolls
 b - 2 scrolls of identify {unknown}
 e - a scroll of remove curse {unknown}
 f - a scroll of magic mapping {unknown}
 g - a scroll of teleportation {unknown}
Comestibles
 c - 3 rations
 h - 2 chunks of flesh


   Skills:
 + Level 1.7 Fighting
 + Level 2.1 Dodging
 + Level 3.2 Unarmed Combat
 + Level 2.2 Spellcasting
 + Level 2.3 Transmutations


You had 2 spell levels left.
You knew the following spells:

 Your Spells              Type           Power        Failure   Level  Hunger
a - Beastly Appendage     Tmut           #.....       11%         1    ##.....
b - Sticks to Snakes      Tmut           #.......     17%         2    ###....

Your spell library contained the following spells:

 Spells                   Type           Power        Failure   Level  Hunger
 Spider Form              Tmut/Pois      #.........   47%         3    ####...
 Blade Hands              Tmut           #.........   97%         5    ######.
 Ice Form                 Ice/Tmut       #.......     87%         4    #####..


Dungeon Overview and Level Annotations

Branches:
Dungeon (2/15)

Altars:


Innate Abilities, Weirdness & Mutations

Your plain brown scales are hard. (AC +4)
You cannot fit into any form of body armour.
You are cold-blooded and may be slowed by cold attacks.
Your flesh is cold resistant. (rC+)
You are dopey. (Int -2)
You are somewhat resistant to further mutation.


Message History

* * * LOW HITPOINT WARNING * * *
The adder bites you but does no damage.
You climb upwards.
There is a stone staircase leading down here.
It was a potion of mutation.
You feel extremely strange.
You feel genetically stable.
You feel stupid.
You feel resistant to cold. The adder misses you.
You hit the adder.
The adder is lightly wounded.
The adder bites you but does no damage. The adder completely misses you.
Casting: Sticks to Snakes (safe; 17% risk of failure)
Confirm with . or Enter, or press ? or * to list all spells.
You create a snake!
You now have 42 arrows.
The adder bites you but does no damage.
Casting: Sticks to Snakes (safe; 17% risk of failure)
Confirm with . or Enter, or press ? or * to list all spells.
You create a snake!
You now have 41 arrows.
You are feeling hungry.
The adder bites you.
You die...

.# #.......####..#
######...### .#
#.............# #...#
.# #############.#
#...# .# #.# #...#
.### #.# #####...#
...# ######.#
#......## ##.#
#......#####......#
#.#
#.###.S....#.####.####
#.#########.#
#@####.#.#.....[..
#...........#
#S##.......##...#.
#############
#S##.#.#.###...#..
#>##.#.#..........
#......#####.###..
####.### ##....#
##.#### #..##.
#.....#####.####
#...........).#


You could see an adder and 2 friendly ball pythons.

Vanquished Creatures
  2 worms (D:2)
  2 leopard geckos (D:2)
  A bat (D:1)
  A giant cockroach (D:2)
  3 goblins (D:1)
  3 hobgoblins (D:1)
  3 kobolds (D:1)
  A frilled lizard (D:1)
  3 rats (D:2)
19 creatures vanquished.

Notes
Turn   | Place    | Note
-------+----------+-------------------------------------------
     0 | D:1      | Laiders72 the Draconian Transmuter began the quest for the Orb.
     0 | D:1      | Reached XP level 1. HP: 16/16 MP: 3/3
   436 | D:1      | Reached XP level 2. HP: 23/23 MP: 5/5
   728 | D:1      | You fall through a shaft!
   828 | D:2      | Learned a level 2 spell: Sticks to Snakes
   862 | D:2      | Noticed a crimson imp
   934 | D:1      | Gained mutation: You are somewhat resistant to further mutation. [potion of mutation]
   934 | D:1      | Gained mutation: You are dopey. (Int -2) [potion of mutation]
   934 | D:1      | Gained mutation: Your flesh is cold resistant. (rC+) [potion of mutation]
   940 | D:1      | Slain by an adder

Vault maps used:
D:1:      wheals_arrival_linesprint

Skill      XL: |  1  2 |
---------------+-------+-----
Dodging        | 2 |  2.1
Fighting       | |  1.7
Unarmed Combat | |  3.2
Spellcasting   | |  2.2
Transmutations | |  2.3

Action                   || total
-------------------------++-------
Melee: Unarmed           ||   105
       Tailslap          ||    16
       Kick              ||     1
       Headbutt          ||     1
 Cast: Beastly Appendage ||     3
       Sticks to Snakes  ||     3
  Use: Potion            ||     1
Armor: Skin              ||    31
Dodge: Dodged            ||    59

Table legend:
 A = Spawn XP
 B = Non-spawn XP
 C = Spawn XP percentage of total XP
 D = Spawn monster count
 E = Non-spawn monster count
 F = Spawn count percentage of total count
 G = Total turns spent on level
                    A         B        C        D         E        F      G
               +---------+---------+-------+---------+---------+-------+---------
         Total |       0 |      40 |   0.0 |       0 |      19 |   0.0 |   940
               +---------+---------+-------+---------+---------+-------+---------
           D:1 |       0 |      19 |   0.0 |       0 |      11 |   0.0 |   735
           D:2 |       0 |      21 |   0.0 |       0 |       8 |   0.0 |   205
               +---------+---------+-------+---------+---------+-------+---------
